Map: 16-Bit LE

Players

GreeneChron - Winner!

  • Race: Terran Terran
  • League: Master
  • Spawn Location: 7:00

FisterRoboto

  • Race: Zerg Zerg
  • League: Master
  • Spawn Location: 1:00

VOD

Have the link to the VOD?

Description

Time

  • Played on: May 25, 2018, 12:49 a.m.
  • Length: 28:16
Show
View Real Time Build Order
Export as new Build Order

GreeneChron Terran - Winner!

Build Orders:  

Get SALT Encoding   

  12  0:02  SCV  
  13  0:14  SCV  
  14  0:22  Supply Depot  
  14  0:26  SCV  
  15  0:43  SCV  
  15  0:45  Barracks  
  15  0:48  Refinery  
  16  0:56  SCV  
  17  1:08  SCV  
  18  1:20  SCV  
  19  1:32  Orbital Command  
  19  1:33  Marine  
  19  1:34  Supply Depot  
  20  1:50  Marine  
  21  1:58  SCV, Command Center  
  22  2:09  Factory  
  22  2:11  Barracks Tech Lab  
  22  2:30  SCV  
  22  2:35  Refinery  
  23  2:43  SCV  
  24  2:53  Supply Depot  
  24  2:55  SCV  
  25  3:06  Starport  
  25  3:07  SCV  
  25  3:12  Orbital Command  
  26  3:22  Command Center  
  26  3:25  SCV  
  27  3:37  SCV  
  27  3:39  Siege Tank  
  31  3:41  SCV  
  31  3:45  Starport Tech Lab  
  32  3:49  Refinery  
  32  3:50  SCV  
  32  3:53  SCV  
  34  4:02  SCV  
  35  4:05  SCV  
  35  4:09  Engineering Bay  
  36  4:10  Cloaking Field  
  36  4:11  Siege Tank  
  39  4:18  SCV  
  39  4:24  SCV  
  41  4:25  Refinery  
  41  4:26  Banshee  
  41  4:30  SCV  
  45  4:34  Orbital Command  
  45  4:38  Missile Turret  
  45  4:40  SCV  
  45  4:42  SCV  
  47  4:52  Missile Turret, SCV  
  48  4:55  SCV  
  49  5:03  Missile Turret  
  49  5:04  SCV x2  
  52  5:07  SCV  
  52  5:15  Banshee  
  52  5:16  SCV  
  52  5:18  Starport  
  52  5:19  SCV  
  52  5:20  Refinery  
  57  5:22  Refinery  
  57  5:23  SCV  
  57  5:28  SCV  
  59  5:31  SCV  
  59  5:34  Siege Tank  
  59  5:35  SCV  
  64  5:39  Starport  
  64  5:59  SCV  
  64  6:00  SCV  
  66  6:04  Starport Reactor  
  66  6:05  Hyperflight Rotors  
  66  6:07  SCV  
  66  6:11  Missile Turret, SCV  
  68  6:12  SCV  
  68  6:14  Command Center x2  
  69  6:23  Missile Turret, Supply Depot  
  69  6:25  Supply Depot  
  69  6:34  Supply Depot  
  69  6:37  Starport Tech Lab  
  69  6:38  Starport  
  69  6:44  SCV x3  
  72  6:48  Siege Tank  
  72  6:51  Supply Depot  
  72  6:56  SCV x2  
  74  7:08  SCV  
  74  7:09  SCV x2  
  74  7:10  Banshee x2  
  74  7:11  Viking  
  85  7:17  Starport, Starport Tech Lab  
  85  7:20  SCV  
  85  7:21  SCV x2  
  88  7:23  Armory  
  88  7:33  SCV  
  88  7:34  SCV  
  88  7:35  Orbital Command x2  
  90  7:43  Armory  
  90  7:44  Viking x2  
  90  7:48  Siege Tank  
  97  7:54  SCV x3  
  100  8:01  Banshee  
  103  8:06  Banshee, SCV x2  
  103  8:07  SCV  
  109  8:14  Starport Tech Lab  
  109  8:16  Terran Ship Weapons Level 1  
  109  8:19  Factory  
  109  8:21  Siege Tank, Orbital Command, Supply Depot  
  109  8:22  Banshee  
  115  8:30  SCV  
  116  8:35  Viking x2  
  116  8:39  Sensor Tower  
  116  8:40  Missile Turret  
  120  8:46  Factory  
  120  8:47  SCV  
  121  8:49  Command Center  
  121  8:51  SCV  
  121  8:53  Siege Tank  
  121  8:54  SCV x3  
  128  8:59  SCV  
  129  9:04  SCV  
  129  9:07  Bunker  
  130  9:12  Missile Turret, Supply Depot  
  130  9:14  Refinery  
  130  9:15  Factory Tech Lab  
  130  9:21  Terran Vehicle And Ship Armor Level 1  
  130  9:22  Supply Depot, Banshee x3  
  139  9:26  Refinery  
  139  9:31  Supply Depot  
  139  9:34  Siege Tank  
  139  9:36  Sensor Tower  
  142  9:51  Factory Reactor  
  142  9:52  Siege Tank  
  145  9:53  SCV x2  
  145  9:58  Factory  
  147  10:01  SCV  
  147  10:03  SCV  
  147  10:04  SCV  
  147  10:06  Siege Tank  
  153  10:08  Banshee  
  153  10:09  Banshee x2  
  162  10:16  SCV  
  162  10:19  Terran Ship Weapons Level 2, Command Center  
  163  10:24  Siege Tank  
  163  10:25  Banshee, Command Center  
  163  10:26  Viking  
  171  10:29  Widow Mine x2  
  171  10:32  Command Center  
  175  10:38  Siege Tank, Supply Depot  
  175  10:41  Orbital Command  
  178  10:59  Banshee  
  178  11:00  Siege Tank  
  178  11:02  Viking  
  186  11:08  Viking  
  186  11:09  Viking  
  186  11:11  Siege Tank, Banshee  
  186  11:13  Banshee  
  152  11:30  Factory Tech Lab  
  152  11:32  Siege Tank, Viking  
  150  11:38  Viking  
  150  11:39  Banshee  
  150  11:42  Banshee  
  150  11:44  Siege Tank  
  144  11:51  Siege Tank  
  144  11:53  Banshee  
  144  11:55  Banshee  
  144  11:56  Refinery  
  144  11:58  Missile Turret  
  147  12:02  Viking  
  147  12:05  Starport  
  149  12:19  SCV  
  149  12:22  Refinery, Banshee, Siege Tank  
  156  12:23  Thor  
  156  12:25  Banshee  
  156  12:28  Factory Tech Lab  
  156  12:29  SCV  
  166  12:36  Banshee  
  169  12:38  Banshee  
  169  12:39  Structure Armor  
  169  12:40  Terran Vehicle And Ship Armor Level 2  
  172  12:44  Terran Vehicle Weapons Level 1  
  172  12:50  Orbital Command  
  172  12:53  SCV  
  173  13:02  Starport  
  173  13:03  Supply Depot  
  173  13:04  Siege Tank, Banshee  
  179  13:08  Banshee  
  179  13:10  Viking x2  
  186  13:19  Banshee  
  189  13:21  Viking  
  191  13:36  Sensor Tower  
  191  13:40  Viking  
  193  13:44  Planetary Fortress  
  193  13:45  Refinery, Missile Turret  
  193  13:47  Missile Turret  
  190  13:49  Missile Turret  
  190  13:50  Refinery, Missile Turret  
  155  14:17  Banshee x2  
  155  14:20  Planetary Fortress  
  161  14:32  Command Center  
  161  14:33  Siege Tank, Missile Turret  
  161  14:34  Starport Reactor, Siege Tank, Missile Turret  
  161  14:35  Command Center  
  161  14:36  Supply Depot x2  
  161  14:37  Missile Turret  
  167  14:43  Banshee x2  
  167  14:44  Viking  
  175  14:46  Starport Tech Lab  
  175  14:47  Terran Ship Weapons Level 3  
  175  14:54  Starport  
  175  14:56  Starport, Terran Vehicle Weapons Level 2  
  175  15:00  Banshee x2  
  181  15:11  Refinery  
  181  15:12  Refinery  
  181  15:14  Missile Turret x2  
  181  15:18  Missile Turret, Banshee  
  184  15:25  Banshee  
  184  15:26  Banshee  
  184  15:43  Banshee x2  
  188  15:52  Siege Tank  
  188  15:53  Thor  
  197  16:01  Banshee  
  197  16:02  Viking x2  
  192  16:08  Banshee x2  
  190  16:13  Viking x2  
  174  16:26  Banshee x2  
  174  16:32  Refinery  
  170  16:43  Command Center  
  170  16:44  Missile Turret, Banshee  
  170  16:47  Sensor Tower, Planetary Fortress x2  
  173  16:51  Banshee  
  173  17:04  Command Center  
  162  17:09  Banshee x2  
  168  17:15  Banshee  
  168  17:16  Viking  
  168  17:17  Viking x2  
  165  17:24  Thor  
  165  17:26  Command Center  
  165  17:27  Banshee, Command Center  
  174  17:34  Banshee  
  171  17:52  Banshee x2  
  171  17:57  Missile Turret  
  177  18:03  Infernal Pre-Igniter  
  177  18:11  Hellion x2  
  177  18:12  Drilling Claws  
  181  18:13  Factory Reactor  
  181  18:16  Ghost Academy x2  
  181  18:17  Banshee x2  
  181  18:18  Viking  
  189  18:24  Planetary Fortress  
  189  18:25  Barracks Tech Lab  
  189  18:27  Planetary Fortress, Command Center  
  189  18:30  Missile Turret  
  189  18:33  Missile Turret  
  189  18:34  Banshee  
  189  18:35  Banshee  
  191  18:43  Missile Turret x2, SCV  
  191  18:44  Planetary Fortress x2  
  191  18:45  Missile Turret  
  191  18:47  Missile Turret, Banshee  
  189  18:48  Missile Turret  
  189  18:58  Viking  
  189  19:00  Banshee x2  
  188  19:11  Refinery  
  188  19:12  Refinery  
  188  19:16  Refinery  
  185  19:19  Refinery  
  173  19:25  Banshee x2  
  173  19:44  Thor  
  148  20:01  Banshee x2  
  139  20:08  Banshee x2  
  139  20:11  Banshee  
  139  20:13  SCV  
  131  20:17  SCV x2  
  131  20:18  SCV x3  
  131  20:20  SCV  
  128  20:22  SCV  
  128  20:24  SCV  
  128  20:25  SCV  
  131  20:30  SCV  
  131  20:32  Personal Cloaking, SCV  
  131  20:33  Nuke, Ghost  
  135  20:37  SCV  
  135  20:41  Missile Turret x2  
  135  20:42  SCV  
  137  20:43  Banshee  
  137  20:44  SCV  
  137  20:49  SCV  
  142  20:56  SCV  
  143  21:01  Banshee x2, SCV  
  143  21:02  Banshee  
  143  21:03  Viking x2  
  154  21:37  SCV x4  
  149  21:40  Missile Turret, SCV  
  149  21:41  Missile Turret  
  149  21:44  Banshee x2, Viking  
  158  21:52  SCV  
  159  21:57  Missile Turret  
  159  21:59  Missile Turret  
  159  22:02  Banshee x2  
  159  22:03  Banshee  
  159  22:04  SCV  
  159  22:06  Ghost, Viking x2  
  160  22:16  SCV  
  160  22:22  Missile Turret, SCV  
  162  22:23  Nuke  
  162  22:27  Sensor Tower x2, Banshee  
  162  22:29  SCV  
  166  22:34  SCV  
  166  22:36  Banshee  
  170  22:37  Command Center  
  170  22:38  Command Center  
  170  22:45  Banshee  
  170  22:46  SCV  
  163  22:53  Thor x2  
  172  22:59  Viking x2  
  172  23:00  Banshee, Viking  
  172  23:04  Ghost  
  183  23:08  Missile Turret  
  163  23:35  Thor  
  169  23:42  Nuke  
  160  24:00  Command Center  
  143  24:10  Viking  
  143  24:11  Banshee x2, Viking x3  
  143  24:15  Thor  
  155  24:19  Hellion x2  
  155  24:20  Hellion x3  
  165  24:24  Missile Turret  
  165  24:28  Ghost  
  167  24:33  Orbital Command x2  
  155  24:41  Hellion x3  
  150  25:01  Command Center  
  148  25:15  Viking x3  
  154  25:23  Planetary Fortress  
  154  25:25  Missile Turret  
  148  25:28  Missile Turret  
  148  25:29  Hellion x2  
  148  25:30  Hellion x2  
  110  26:12  Nuke x2  
  110  26:15  Refinery, Planetary Fortress  
  110  26:16  Refinery  
  110  26:17  Missile Turret  
  104  26:20  Missile Turret, SCV  
  104  26:21  Refinery, Missile Turret, Command Center  
  104  26:23  Refinery  
  104  26:24  Banshee  
  104  26:25  Banshee x2  
  114  26:27  Ghost  
  114  26:29  Banshee x2  
  114  26:31  Hellion  
  114  26:32  SCV, Hellion x3  
  129  26:33  Hellion x2  
  132  26:42  Viking  
  132  26:43  Viking x2  
  132  26:45  Starport Tech Lab  
  139  26:48  Starport Reactor  
  133  27:12  Banshee x2  
  133  27:13  Banshee  
  142  27:16  Ghost  
  123  27:49  Hellion x3  
  123  27:50  Hellion x3  
  135  27:56  SCV  
  135  27:57  SCV x3  
  135  27:58  SCV x2  
Show
View Real Time Build Order
Export as new Build Order

FisterRoboto Zerg 

Build Orders: Hatch First 

Get SALT Encoding   

  12  0:02  Drone  
  13  0:19  Overlord  
  13  0:20  Drone  
  14  0:39  Drone x2  
  16  0:54  Drone  
  17  1:05  Hatchery, Drone  
  17  1:06  Drone  
  18  1:14  Extractor  
  18  1:18  Spawning Pool  
  16  1:25  Drone x2  
  18  1:35  Drone  
  19  1:47  Drone  
  20  2:04  Queen  
  20  2:07  Hatchery, Zergling x2  
  22  2:19  Zergling x2, Queen  
  25  2:26  Drone  
  25  2:27  Drone  
  27  2:31  Overlord  
  27  2:37  Overlord  
  27  2:44  Metabolic Boost  
  27  2:50  Zergling x2  
  28  3:06  Drone x5  
  28  3:09  Pneumatized Carapace  
  33  3:13  Drone  
  33  3:18  Drone  
  33  3:19  Drone  
  36  3:20  Drone  
  36  3:22  Drone  
  36  3:25  Drone  
  39  3:27  Drone  
  40  3:34  Drone x2  
  40  3:37  Overlord  
  42  3:54  Overlord x2  
  42  3:56  Zergling x4  
  42  3:57  Zergling x8  
  48  4:05  Drone  
  49  4:10  Drone  
  49  4:12  Spore Crawler  
  49  4:13  Spore Crawler  
  49  4:14  Drone x2  
  49  4:15  Spore Crawler  
  49  4:21  Queen  
  49  4:22  Queen  
  53  4:24  Queen  
  53  4:26  Drone  
  56  4:32  Overlord  
  56  4:33  Overlord  
  56  4:37  Extractor  
  55  4:39  Drone x3  
  58  4:48  Overlord x2  
  58  4:55  Evolution Chamber  
  58  4:56  Evolution Chamber  
  58  4:58  Drone x5  
  61  5:03  Queen  
  61  5:06  Drone  
  65  5:07  Drone  
  65  5:08  Drone  
  66  5:17  Drone x3  
  71  5:23  Queen  
  71  5:24  Zerg Melee Weapons Level 1  
  71  5:26  Zerg Ground Armor Level 1  
  71  5:30  Lair  
  71  5:32  Drone  
  71  5:33  Drone  
  73  5:40  Drone x5  
  77  5:51  Drone x9  
  77  5:52  Drone  
  87  6:00  Drone  
  87  6:02  Extractor  
  87  6:03  Extractor  
  86  6:05  Queen  
  86  6:08  Queen  
  86  6:09  Overlord x3  
  90  6:15  Extractor, Drone  
  90  6:16  Overlord x2  
  90  6:24  Baneling Nest  
  89  6:29  Extractor  
  89  6:30  Drone x3  
  89  6:32  Drone x2  
  93  6:39  Overseer  
  93  6:40  Hatchery  
  92  7:00  Drone x10  
  102  7:04  Hydralisk Den  
  97  7:17  Zergling x4  
  97  7:18  Zergling x12  
  97  7:22  Overlord  
  104  7:27  Hatchery  
  103  7:45  Overseer x5  
  103  7:48  Zerg Melee Weapons Level 2  
  103  7:49  Centrifical Hooks, Zerg Ground Armor Level 2  
  103  7:51  Hydralisk, Grooved Spines  
  103  7:52  Hydralisk x6  
  116  7:59  Queen  
  116  8:01  Drone x12  
  116  8:05  Extractor x2  
  128  8:06  Baneling x6  
  128  8:19  Hydralisk  
  128  8:20  Hydralisk x4  
  128  8:22  Hydralisk x2  
  142  8:28  Overlord x2  
  142  8:36  Overlord x4  
  142  8:40  Spire  
  141  8:42  Infestation Pit  
  141  8:45  Spore Crawler  
  141  8:46  Hydralisk  
  141  8:47  Spore Crawler, Hydralisk  
  142  8:49  Queen  
  142  8:51  Queen  
  142  8:54  Queen  
  150  8:57  Queen  
  150  9:02  Hydralisk x4  
  158  9:11  Hydralisk x4  
  166  9:30  Hydralisk  
  166  9:31  Hydralisk x7  
  182  9:42  Overlord x6  
  182  9:50  Overseer x2  
  182  9:54  Muscular Augments  
  182  9:55  Zerg Flyer Weapons Level 1  
  182  9:56  Hive  
  182  10:12  Mutalisk  
  182  10:13  Mutalisk x5  
  194  10:19  Overseer  
  194  10:22  Mutalisk x2  
  198  10:29  Mutalisk  
  200  10:38  Zerg Missile Weapons Level 1  
  200  10:40  Hatchery  
  199  10:46  Baneling x6  
  199  10:49  Drone  
  181  11:17  Hydralisk x12  
  181  11:18  Hydralisk x4  
  161  11:27  Hydralisk  
  161  11:28  Hydralisk x4  
  161  11:30  Drone x8  
  142  11:40  Mutalisk x2  
  142  11:45  Mutalisk  
  139  11:51  Drone x6  
  141  11:56  Queen x6  
  141  11:58  Hydralisk x5  
  151  12:10  Drone x6  
  151  12:13  Extractor  
  151  12:15  Spore Crawler  
  155  12:17  Extractor  
  155  12:18  Spore Crawler  
  155  12:20  Spore Crawler  
  155  12:22  Spore Crawler  
  151  12:24  Zerg Flyer Weapons Level 2  
  151  12:28  Drone x3  
  151  12:29  Drone x3  
  157  12:31  Viper x2  
  157  12:32  Queen  
  165  12:43  Overlord x4  
  165  12:44  Overlord x2  
  165  12:48  Viper  
  165  12:49  Viper  
  165  12:50  Hydralisk  
  173  12:55  Mutalisk x2  
  177  13:00  Drone  
  178  13:15  Zerg Missile Weapons Level 2  
  178  13:16  Zerg Ground Armor Level 3  
  178  13:17  Hydralisk x3  
  184  13:23  Hydralisk x3  
  190  13:40  Corruptor x4  
  198  13:42  Corruptor  
  200  13:53  Mutalisk  
  194  14:03  Unknown  
  194  14:06  Unknown  
  194  14:07  Viper x2  
  184  14:12  Unknown  
  184  14:15  Viper  
  182  14:17  Mutalisk x2  
  182  14:22  Hydralisk x3  
  182  14:23  Hydralisk  
  194  14:40  Greater Spire  
  194  14:43  Spore Crawler  
  194  14:44  Spore Crawler x2  
  194  14:45  Mutalisk x4  
  197  14:51  Hatchery  
  198  15:01  Hydralisk  
  200  15:12  Overseer x3  
  200  16:03  Unknown  
  192  16:04  Unknown x2  
  160  16:11  Hydralisk x9  
  160  16:12  Hydralisk x9  
  160  16:16  Zerg Flyer Armor Level 1  
  171  16:19  Viper  
  158  16:26  Queen  
  158  16:27  Hydralisk x3, Queen x5  
  158  16:28  Hydralisk x3  
  162  16:42  Hydralisk x9  
  180  16:48  Corruptor  
  180  16:49  Corruptor x4  
  190  16:55  Overseer  
  190  16:57  Overseer  
  190  16:58  Overseer x2  
  190  17:01  Hatchery  
  189  17:12  Overlord x2  
  189  17:20  Overlord x2  
  189  17:21  Corruptor  
  189  17:22  Corruptor x2  
  195  17:33  Brood Lord x2  
  195  17:48  Extractor  
  195  17:49  Spore Crawler  
  195  17:50  Extractor  
  190  17:54  Brood Lord x3  
  190  17:57  Hatchery  
  195  18:00  Brood Lord  
  197  18:31  Hydralisk  
  197  18:32  Zergling x2  
  200  18:57  Hydralisk  
  198  19:23  Spire  
  194  19:38  Drone x5  
  176  20:02  Spawning Pool  
  176  20:06  Drone  
  167  20:07  Drone x16  
  167  20:10  Hatchery  
  175  20:21  Drone  
  175  20:22  Drone x2  
  175  20:24  Extractor  
  175  20:53  Corruptor x8  
  191  21:03  Drone  
  192  21:08  Overlord x2  
  192  21:09  Overlord x2  
  192  21:19  Overlord  
  192  21:20  Overlord x2  
  192  21:26  Mutalisk x3  
  186  21:37  Hatchery  
  186  21:38  Mutalisk  
  186  21:39  Mutalisk x2  
  187  21:42  Lair  
  187  21:48  Mutalisk  
  187  21:49  Mutalisk x5  
  199  21:59  Overlord x2  
  199  22:00  Overlord  
  192  22:51  Corruptor x3  
  200  22:58  Extractor  
  174  23:27  Hatchery  
  157  23:30  Hydralisk Den, Queen x4  
  160  23:37  Hatchery  
  153  23:50  Drone x12  
  165  24:06  Burrow  
  165  24:16  Drone x2  
  165  24:17  Spore Crawler x2, Drone  
  166  24:26  Hydralisk x9  
  184  24:39  Corruptor x5  
  184  24:45  Zerg Flyer Armor Level 2  
  194  24:51  Infestation Pit  
  175  24:55  Zergling x10  
  172  25:06  Hydralisk x2  
  172  25:07  Hydralisk x5  
  164  25:12  Zergling x4  
  176  25:17  Hydralisk x2  
  176  25:21  Zergling x2  
  177  25:24  Hatchery  
  165  25:30  Hydralisk x2  
  157  25:39  Corruptor  
  157  25:40  Corruptor x2  
  149  25:50  Extractor  
  149  25:53  Drone x4  
  113  26:00  Mutalisk x3  
  100  26:10  Spine Crawler  
  96  26:12  Spine Crawler  
  96  26:13  Mutalisk  
  96  26:14  Mutalisk x3  
  96  26:18  Drone x2  
  103  26:41  Mutalisk  
  103  26:42  Mutalisk x8  
  121  26:50  Hatchery  
  112  26:58  Corruptor  
  106  27:01  Drone  
  106  27:02  Drone x5  
  106  27:08  Zergling x6  
  106  27:11  Zergling x2  
  110  27:20  Drone x4  
  114  27:26  Zergling x4  
  114  27:28  Hatchery  
  113  27:30  Hatchery  
  113  27:37  Zergling x8  
  113  27:44  Zergling x2  
  114  28:03  Hatchery, Drone x2  
Tags
 
Matchup
TvZ
Spawn Locations
Cross Positions
Add a new tag
Caveats
  • Supply blocks, unpowered buildings, or Contaminate may cause inaccurate times.
  • Supply counts are checked every 10 seconds.